 Dungeon Crawl Stone Soup version 0.29-a0-1023-g6ae1a4a2c7 (webtiles) character file.

Game seed: 9715048491867223945

95 Newt the Cudgeller (level 4, 0/35 HPs)
             Began as a Draconian Artificer on Aug 11, 2022.
             Succumbed to an adder's poison
             ... on level 3 of the Dungeon.
             The game lasted 00:04:36 (2436 turns).

Newt the Cudgeller (Draconian Artificer)            Turns: 2436, Time: 00:04:37

Health: 0/35       AC:  5    Str: 17    XL:     4   Next: 40%
Magic:  4/4        EV: 12    Int: 11    God:
Gold:   64         SH:  0    Dex: 11    Spells: 3/3 levels left

rFire   + . .      SeeInvis .   f - +0 whip
rCold   . . .      Faith    .   (no shield)
rNeg    . . .      Spirit   .   (body armour unavailable)
rPois   .          Reflect  .   (helmet restricted)
rElec   .          Harm     .   (no cloak)
rCorr   .          Rampage  .   (no gloves)
Will    .....                   (no boots)
Stlth   +.........              (no amulet)
HPRegen 0.11/turn               i - ring of protection from fire
MPRegen 0.09/turn               (no ring)

@: lethally poisoned (0 -> -5), about to teleport
A: AC +5, unfitting armour, cold-blooded
a: no special abilities


You were on level 3 of the Dungeon.
You visited 1 branch of the dungeon, and saw 3 of its levels.

You collected 64 gold pieces.

Inventory:

Hand Weapons
 a - a +0 club
 f - a +0 whip (weapon)
Missiles
 j - 2 silver javelins
Armour
 g - an orb of wrath
Jewellery
 i - a ring of protection from fire (left hand)
Wands
 b - a wand of flame (13) (quivered)
 c - a wand of charming (14)
 d - a wand of iceblast (9)
Scrolls
 h - a scroll of teleportation
Potions
 e - a potion of lignification


   Skills:
 - Level 1.1 Fighting
 + Level 4.1 Maces & Flails
 - Level 2.1 Dodging
 - Level 0.8 Stealth
 - Level 3.0 Evocations


You had 3 spell levels left.
You didn't know any spells.
Your spell library contained the following spells:

 Spells                   Type           Power      Damage    Failure   Level
 Gell's Gravitas          Tloc           0%         N/A       71%         3
 Teleport Other           Tloc           0%         N/A       71%         3
 Dispersal                Tloc           0%         N/A       100%        6


Dungeon Overview and Level Annotations

Branches:
Dungeon (3/15)

Altars:


Innate Abilities, Weirdness & Mutations

Your plain brown scales are hard. (AC +5)
You cannot fit into any form of body armour.
You are cold-blooded and may be slowed by cold attacks.


Message History

You miss the adder.
Your worm bites the bat!
The bat dies!
The adder bites you.
You are poisoned.
The adder poisons you!
You closely miss the adder.
You feel sick. The adder bites you but does no damage.
Unknown command.
You miss the adder.
You feel sick. The adder bites you.
* * * LOW HITPOINT WARNING * * *
You are lethally poisoned!
The adder poisons you!
Your worm closely misses the adder.
You barely miss the adder.
* * * LOW HITPOINT WARNING * * *
You feel sick. The adder barely misses you.
Your worm completely misses the adder.
Unknown command.
As you read the scroll of teleportation, it crumbles to dust.
You feel strangely unstable.
* * * LOW HITPOINT WARNING * * *
You feel sick. The adder bites you but does no damage. The adder bites you.
* * * LOW HITPOINT WARNING * * *
Really quaff the potion of lignification?
Okay, then.
There is a lethal amount of poison in your body!
Unknown command.
You hit the adder.
The adder is heavily wounded.
* * * LOW HITPOINT WARNING * * *
You feel sick. The adder barely misses you.
Your worm misses the adder.
Unknown command.
Aiming: Iceblast
Press: ? - help, Q - select action, (/) - cycle Shift-Dir - straight line, f - adder, p - worm
Aim: an adder (heavily wounded, ally target) Really fire at your worm?
Okay, then.
Unknown command.
You miss the adder.
The adder is heavily wounded.
You die...

#..........##..#..#..##
#.# #.
#.####.######.###.####
#.. .. #.# #.# ###..#
#..### ### #.#
#####...## ##...####
#.#####....###.
.###....#######
#.......#### ..#..
####.......#
#######....#
w†.###....#####..
####...##S##...####
#..#@#..### #.#.#.##
#.....# ##...## #.).#
#...# ##.## #.# #.#


You could see an adder (ally target) and a friendly worm (charmed).

Vanquished Creatures
  A gnoll (D:1)
  2 adders (D:2)
  A worm (D:2)
  3 dart slugs
  6 ball pythons
  5 endoplasms
  4 goblins (D:1)
  6 hobgoblins
  4 jackals (D:1)
  7 kobolds
  4 quokkas
  6 bats
  4 frilled lizards
  2 rats (D:1)
55 creatures vanquished.

Vanquished Creatures (collateral kills)
  A bat (D:3)
1 creature vanquished.

Grand Total: 56 creatures vanquished

Notes
Turn   | Place    | Note
-------+----------+-------------------------------------------
     0 | D:1      | Newt the Draconian Artificer began the quest for the Orb.
     0 | D:1      | Reached XP level 1. HP: 16/16 MP: 1/1
   136 | D:1      | Reached skill level 1 in Maces & Flails
   379 | D:1      | Reached XP level 2. HP: 23/23 MP: 2/2
   422 | D:1      | Reached skill level 2 in Maces & Flails
   625 | D:1      | Reached XP level 3. HP: 28/28 MP: 3/3
   640 | D:1      | Found a faded altar of an unknown god.
   645 | D:1      | Reached skill level 3 in Maces & Flails
  1811 | D:2      | Reached XP level 4. HP: 23/35 MP: 4/4
  2048 | D:2      | Reached skill level 4 in Maces & Flails
  2435 | D:3      | HP: 1/35 [poisoned by an adder]
  2436 | D:3      | Succumbed to an adder's poison

Illustrated notes

Levels and vault maps discovered:
D:1:      eino_arrival_cavern_a, layout_loops_ring,
          hellmonk_ecumenical_altar_slurped_away, minmay_unequal
D:2:      layout_basic
D:3:      minmay_general_purpose_star, layout_loops_corners, uniq_terence

Skill      XL: |  1  2  3  4 |
---------------+-------------+-----
Maces & Flails | 1 2 3 4 |  4.1
Fighting       | |  1.1
Dodging        | |  2.1
Stealth        | |  0.8
Evocations     | |  3.0

Action                   |  1- 3 |  4- 6 || total
-------------------------+-------+-------++-------
Melee: Whip              |   180 |    35 ||   215
       Tailslap          |    14 |     5 ||    19
Evoke: Wand              |     1 |     2 ||     3
  Use: Scroll            |     1 |     4 ||     5
 Stab: Sleeping          |     3 |     1 ||     4
Armor: Skin              |    77 |     8 ||    85
Dodge: Dodged            |   120 |    21 ||   141

Table legend: (Time is in decaauts)
 A = Elapsed time spent in this place.
 B = Non-inter-level travel time spent in this place.
 C = Inter-level travel time spent in this place.
 D = Time resting spent in this place.
 E = Time spent auto-exploring this place.
 F = Levels seen in this place.
 G = Mean time per level.
                   A        B        C        D        E       F      G
               +--------+--------+--------+--------+--------+-----+--------+
         Total |   2446 |   2400 |     46 |    349 |   1627 |   3 |  815.3 |
       Dungeon |   2446 |   2400 |     46 |    349 |   1627 |   3 |  815.3 |
               +--------+--------+--------+--------+--------+-----+--------+

Top non-repeatable levels by time:
     D:1: 1547 daAuts
     D:2: 718 daAuts
     D:3: 180 daAuts
